 Dungeon Crawl Stone Soup version 0.26-a0-639-g72c4674329 (webtiles) character file.

Game seed: 10815884045146396764

98 Peloso the Skirmisher (level 4, -7/37 HPs)
             Began as a Demonspawn Fighter on Sept 17, 2020.
             Mangled by Sigmund
             ... wielding a +0 scythe
              (8 damage)
             ... on level 3 of the Dungeon.
             The game lasted 00:03:31 (1968 turns).

Peloso the Skirmisher (Demonspawn Fighter)          Turns: 1968, Time: 00:03:31

Health: -7/37      AC:  8    Str: 17    XL:     4   Next: 43%
Magic:  4/4        EV:  7    Int:  9    God:
Gold:   76         SH:  9    Dex: 13    Spells: 3/3 levels left

rFire    . . .     SeeInvis .   a - +1 long sword
rCold    . . .     Faith    .   c - +0 kite shield
rNeg     . . .     Spirit   .   b - +0 scale mail
rPois    .         Reflect  .   (no helmet)
rElec    .         Harm     .   (no cloak)
rCorr    .         Rampage  .   (no gloves)
MR       .....                  (no boots)
Stlth    ..........             (no amulet)
HPRegen  0.12/turn              (no ring)
MPRegen  0.09/turn              (no ring)

@: no status effects
A: molten scales 1, demonic guardian 1
a: no special abilities


You were on level 3 of the Dungeon.
You visited 1 branch of the dungeon, and saw 3 of its levels.

You collected 76 gold pieces.

Inventory:

Hand Weapons
 a - a +1 long sword (weapon)
Armour
 b - a +0 scale mail (worn)
 c - a +0 kite shield (worn)
Scrolls
 e - 3 scrolls of identify {unknown}
 f - a scroll of teleportation
 h - 2 scrolls of remove curse {unknown}
 i - a scroll of fog {unknown}
 j - a scroll of noise {unknown}
 k - a scroll of enchant weapon
Potions
 d - 2 potions of might
 g - a potion of ambrosia {unknown}
 l - a potion of flight {unknown}


   Skills:
 + Level 3.6 Fighting
 + Level 2.7 Long Blades
 + Level 3.0 Armour
 + Level 0.4 Dodging
 + Level 3.3 Shields


You had 3 spell levels left.
You didn't know any spells.
Your spell library was empty.

Dungeon Overview and Level Annotations

Branches:
Dungeon (3/15)

Altars:
Cheibriados
Okawaru
Vehumet
Yredelemnul

Annotations:
D:2 2 transporters
D:3 Sigmund


Innate Abilities, Weirdness & Mutations

You are partially covered in molten scales. (AC +2)
A weak demonic guardian rushes to your aid.


Message History

You resist with some effort. Sigmund hits you with a +0 scythe!
* * * LOW HITPOINT WARNING * * *
Your iron imp hits Sigmund.
You completely miss Sigmund.
Sigmund is lightly wounded.
You block Sigmund's attack.
Your iron imp hits Sigmund.
You closely miss Sigmund.
Sigmund is moderately wounded.
You block Sigmund's attack.
Your iron imp closely misses Sigmund.
Sigmund hits you from afar with a +0 scythe!
* * * LOW HITPOINT WARNING * * *
Your iron imp hits Sigmund!
Sigmund barely misses your iron imp. Sigmund barely misses your iron imp.
Sigmund gestures wildly while chanting.
Sigmund flickers and vanishes!
Deactivating autopickup; reactivate with Ctrl-A.
There is a stone staircase leading up here.
Something hits you!
You die...

##### #...
###.######
#..@5....#
#.##...###
#.##.....#.#
#....#5....#
########.###
.# .. ###


You could see a friendly iron imp (summoned) and a friendly white imp
(summoned).

Vanquished Creatures
  A worker ant (D:2)
  2 adders (D:2)
  An ooze (D:1)
  A worm (D:2)
  3 dart slugs (D:1)
  A leopard gecko (D:2)
  2 giant cockroaches (D:2)
  4 goblins
  8 hobgoblins
  5 kobolds (D:1)
  6 bats
  4 frilled lizards
  4 rats
42 creatures vanquished.

Vanquished Creatures (others)
  A fungus (D:3)
  A toadstool (D:3)
2 creatures vanquished.

Grand Total: 44 creatures vanquished

Notes
Turn   | Place    | Note
-------+----------+-------------------------------------------
     0 | D:1      | Peloso the Demonspawn Fighter began the quest for the Orb.
     0 | D:1      | Reached XP level 1. HP: 18/18 MP: 1/1
   181 | D:1      | Gained mutation: A weak demonic guardian rushes to your
                  | aid. [demonic ancestry]
   181 | D:1      | Reached XP level 2. HP: 18/24 MP: 2/2
   592 | D:1      | Gained mutation: You are partially covered in molten
                  | scales. (AC +2) [demonic ancestry]
   592 | D:1      | Reached XP level 3. HP: 24/29 MP: 3/3
  1019 | D:2      | Found a transporter.
  1019 | D:2      | Found an iron altar of Okawaru.
  1041 | D:2      | Found a transporter.
  1434 | D:2      | Found a snail-covered altar of Cheibriados.
  1473 | D:2      | Reached XP level 4. HP: 26/36 MP: 4/4
  1625 | D:2      | Found a radiant altar of Vehumet.
  1787 | D:2      | Found a basalt altar of Yredelemnul.
  1952 | D:3      | Noticed Sigmund
  1963 | D:3      | HP: 1/37 [Sigmund/+0 scythe (7)]
  1968 | D:3      | Mangled by Sigmund

Illustrated notes

Levels and vault maps discovered:
D:1:      dpeg_arrival_radiant, layout_rooms
D:2:      layout_loops_ring, gammafunk_temple_overflow_arena, marbit_many_paths,
          old_standard_altar, nicolae_overflow_hidden_temple
D:3:      layout_basic, minmay_gold_behind_fungi,
          chequers_serial_rivers_micro_e, minmay_goblin_outpost, uniq_jessica,
          uniq_ijyb, uniq_sigmund

Skill      XL: |  1  2  3 |
---------------+----------+-----
Shields        | 3 |  3.3
Long Blades    | 2 |  2.7
Armour         | 3 |  3.0
Fighting       | |  3.6
Dodging        | |  0.4

Action                   |  1- 3 |  4- 6 || total
-------------------------+-------+-------++-------
Melee: Long sword        |   119 |    18 ||   137
  Use: Scroll            |     2 |       ||     2
Armor: Scale mail        |    77 |     9 ||    86
Dodge: Dodged            |    50 |     5 ||    55
Block: Kite shield       |    91 |    13 ||   104
       Rpst.: Long sword |    15 |     2 ||    17

Table legend: (Time is in decaauts)
 A = Elapsed time spent in this place.
 B = Non-inter-level travel time spent in this place.
 C = Inter-level travel time spent in this place.
 D = Time resting spent in this place.
 E = Time spent auto-exploring this place.
 F = Levels seen in this place.
 G = Mean time per level.
                   A        B        C        D        E       F      G
               +--------+--------+--------+--------+--------+-----+--------+
         Total |   2019 |   1929 |     90 |      0 |   1508 |   3 |  673.0 |
       Dungeon |   2019 |   1929 |     90 |      0 |   1508 |   3 |  673.0 |
               +--------+--------+--------+--------+--------+-----+--------+

Top non-repeatable levels by time:
     D:2: 1010 daAuts
     D:1: 986 daAuts
     D:3: 23 daAuts
